 Dungeon Crawl Stone Soup version 0.21.1-1-g345015f (webtiles) character file.

205 tev the Cudgeler (level 5, -5/47 HPs)
             Began as a Minotaur Monk on July 28, 2018.
             Slain by tyranidshit's ghost (15 damage)
             ... on level 3 of the Dungeon.
             The game lasted 00:20:04 (3625 turns).

tev the Cudgeler (Minotaur Monk)                    Turns: 3625, Time: 00:20:05

Health: -5/47      AC:  7    Str: 16    XL:     5   Next: 52%
Magic:  4/4        EV: 11    Int:  7    God:
Gold:   153        SH:  0    Dex: 13    Spells: 4/4 levels left

rFire    . . .     SeeInvis .   a - +0 mace
rCold    . . .     Gourm    .   (no shield)
rNeg     . . .     Faith    .   l - +1 scale mail
rPois    .         Spirit   .   (helmet restricted)
rElec    .         Reflect  .   (no cloak)
rCorr    .         Harm     .   (no gloves)
MR       .....                  (no boots)
Stlth    ..........             e - amulet of rage
HPRegen  0.15/turn              (no ring)
MPRegen  0.09/turn              (no ring)

@: no status effects
A: retaliatory headbutt, horns 2
a: Evoke Berserk Rage


You were on level 3 of the Dungeon.
You were not hungry.

You visited 1 branch of the dungeon, and saw 3 of its levels.

You collected 153 gold pieces.

Inventory:

Hand Weapons
 a - a +0 mace (weapon)
Armour
 l - a +1 scale mail (worn)
Jewellery
 e - an amulet of rage (around neck)
Wands
 g - a wand of iceblast (7)
Scrolls
 d - 2 scrolls of amnesia
 f - a scroll of random uselessness {unknown}
 i - 5 scrolls of identify
 k - a scroll of blinking
Potions
 b - a potion of cancellation
 h - 2 potions of heal wounds {unknown}
 j - 2 potions of curing {unknown}
 m - 2 potions of flight {unknown}
 n - 2 potions of might {unknown}
 o - a potion of brilliance {unknown}
 p - a potion of lignification {unknown}
Comestibles
 c - 4 rations


   Skills:
 + Level 4.5 Fighting
 + Level 5.5 Maces & Flails
 + Level 2.9 Armour
 + Level 4.0 Dodging
 - Level 1.7 Stealth


You had 4 spell levels left.
You didn't know any spells.

Dungeon Overview and Level Annotations

Branches:
Dungeon (3/15)

Altars:
Ru
Trog

Annotations:
D:3 tyranidshit's ghost, amateur DDFi


Innate Abilities, Weirdness & Mutations

You reflexively headbutt those who attack you in melee.
You have a pair of horns on your head.


Message History

You see here a bubbling grey potion.
There is an escape hatch in the ceiling here.
You thump tyranidshit's ghost!
Tyranidshit's ghost is moderately damaged.
Tyranidshit's ghost hits you.
Your scale mail prevents you from hitting tyranidshit's ghost.
Your headbutt misses tyranidshit's ghost.
Tyranidshit's ghost is moderately damaged.
Tyranidshit's ghost hits you!
You hit tyranidshit's ghost.
Tyranidshit's ghost is moderately damaged.
Tyranidshit's ghost hits you!
You barely miss tyranidshit's ghost.
Tyranidshit's ghost is moderately damaged.
Tyranidshit's ghost hits you!
* * * LOW HITPOINT WARNING * * *
Tyranidshit's ghost hits you.
* * * LOW HITPOINT WARNING * * *
Tyranidshit's ghost hits you!
You die...

######...#....# #.# #.######### #
##.#.#.....####.# #.......... #
#.............#.########.##.## #
#..#.#................##.##.## #
#.#...#...#.....#####.##.##... #
#.##.##...#.#.#######.##.###.. #
#.##......#...........##...... #
#.##..#...................##.. #
#.##.<#.....#@W.....####.###.#
####.##..#.#................# #.#
#....##..#.##.)#...!...###### #.#
.....##..#.#.........### #.#
.............###.....#### #<#
....####.#.#.##............ #..
##.......#.#.##.....#..#####.###.
#.#######.#........##.... ......
#.# #..........# .### #.###.


You could see tyranidshit's ghost.

Vanquished Creatures
  Jessica (D:3)
  A worker ant (D:3)
  8 adders
  An ooze (D:3)
  A dart slug (D:1)
  5 leopard geckos
  An orc (D:3)
  7 bats
  4 giant cockroaches
  8 goblins
  7 hobgoblins
  2 jackals (D:1)
  A quokka (D:2)
  2 ball pythons
  A frilled lizard (D:2)
  11 kobolds
  10 rats
71 creatures vanquished.

Notes
Turn   | Place    | Note
-------+----------+-------------------------------------------
     0 | D:1      | tev the Minotaur Monk began the quest for the Orb.
     0 | D:1      | Reached XP level 1. HP: 19/19 MP: 0/0
   268 | D:1      | Reached XP level 2. HP: 26/27 MP: 1/1
   316 | D:1      | Reached skill level 4 in Maces & Flails
   828 | D:1      | Reached XP level 3. HP: 32/33 MP: 2/2
  1027 | D:2      | Found a sacrificial altar of Ru.
  1168 | D:2      | Reached skill level 1 in Armour
  1168 | D:2      | Reached XP level 4. HP: 33/40 MP: 3/3
  1672 | D:3      | Noticed tyranidshit's ghost (amateur DDFi)
  1693 | D:2      | Reached skill level 5 in Maces & Flails
  3248 | D:3      | Reached XP level 5. HP: 44/47 MP: 4/4
  3414 | D:3      | Noticed Jessica
  3424 | D:3      | Killed Jessica
  3471 | D:3      | Found a bloodstained altar of Trog.
  3625 | D:3      | Slain by tyranidshit's ghost

Skill      XL: |  1  2  3  4  5 |
---------------+----------------+-----
Maces & Flails | 4 5 |  5.5
Fighting       | 4 |  4.5
Armour         | 1 2 |  2.9
Dodging        | 4 |  4.0
Stealth        | |  1.7

Action                   |  1- 3 |  4- 6 || total
-------------------------+-------+-------++-------
Melee: Mace              |    64 |   110 ||   174
       Headbutt          |     4 |    10 ||    14
  Use: Scroll            |     6 |     1 ||     7
       Potion            |       |     1 ||     1
  Eat: Chunk             |     1 |     4 ||     5
       Ration            |       |     1 ||     1
Armor: Chain mail        |    39 |     8 ||    47
       Robe              |     1 |       ||     1
       Scale mail        |       |    48 ||    48
Dodge: Dodged            |    50 |    64 ||   114
